 Dungeon Crawl Stone Soup version 0.30-a0-691-g754fce4c43 (webtiles) character file.

Game seed: 10558799496353345016

2118 warriortoast the Fighter (level 9, -8/73 (74) HPs)
             Began as a Barachi Warper on Jan 17, 2023.
             Was an Elder of Cheibriados.
             Shot with a sling bullet by Joseph (15 damage)
             ... on level 6 of the Dungeon on Jan 19, 2023.
             The game lasted 00:32:32 (8473 turns).

warriortoast the Fighter (Barachi Warper)           Turns: 8473, Time: 00:32:33

HP:   -8/73 (74)    AC: 15    Str: 26    XL:     9   Next: 29%
MP:   8/12          EV: 10    Int: 23    God:    Cheibriados [****..]
Gold: 291           SH:  0    Dex: 26    Spells: 12/12 levels left

rFire   . . .      SeeInvis +    l - +0 flail
rCold   + . .      Faith    .    (no shield)
rNeg    . . .      Spirit   .    g - +2 chain mail {rC+}
rPois   .          Reflect  .    C - +0 helmet
rElec   .          Harm     .    (no cloak)
rCorr   .          Rampage  .    k - +0 pair of gloves
Will    .....                    (no boots) Stlth
                                 (no amulet)
HPRegen 0.32/turn                m - ring of see invisible
MPRegen 0.13/turn                x - +6 ring of dexterity

@: lightly drained, very slow
A: amphibious, slowness 1, strong legs 1, +LOS
a: Hop, Renounce Religion, Bend Time, Temporal Distortion, Slouch


You were on level 6 of the Dungeon.
You worshipped Cheibriados.
Cheibriados was greatly pleased with you.
You visited 1 branch of the dungeon, and saw 7 of its levels.
You also visited: Sewer.

You collected 291 gold pieces.

Inventory:

Hand Weapons
 l - a +0 flail (weapon)
 t - the +6 long sword "Saig" {holy, rF- rN+ rCorr}
   (You found it on level 6 of the Dungeon)

   rF:        It makes you vulnerable to fire.
   rN:        It protects you from negative energy.
   rCorr:     It protects you from acid and corrosion.
Missiles
 a - 13 poisoned darts
 j - 6 boomerangs (quivered)
Armour
 g - a +2 chain mail of cold resistance (worn)
 k - a +0 pair of gloves (worn)
 p - a +0 ring mail
 C - a +0 helmet (worn)
 E - a +0 plate armour
Jewellery
 m - a ring of see invisible (left hand)
 u - the amulet of the Loving Ancients {RegenMP Harm rC- Str+3}
   (You found it on level 6 of the Dungeon)

   [amulet of magic regeneration]

   It increases your rate of magic regeneration.
   Str:       It affects your strength (+3).
   rC:        It makes you vulnerable to cold.
   Harm:      It increases damage dealt and taken.
 x - a +6 ring of dexterity (right hand)
 z - a ring of protection from cold
Scrolls
 c - a scroll of blinking
 e - a scroll of noise
 o - 4 scrolls of teleportation
 s - 3 scrolls of enchant armour
Potions
 b - a potion of cancellation
 d - a potion of berserk rage
 f - 2 potions of haste
 h - 2 potions of might {unknown}
 i - a potion of mutation
 n - 2 potions of flight
 q - a potion of heal wounds
 r - 3 potions of magic
 v - 3 potions of resistance
 w - 3 potions of curing
 D - a potion of attraction {unknown}


   Skills:
 + Level 8.1 Fighting
 + Level 7.3 Maces & Flails
 - Level 1.0 Throwing
 + Level 7.4 Armour
 - Level 2.1 Dodging
 - Level 2.1 Spellcasting
 - Level 3.2 Translocations
 + Level 4.1 Invocations


You had 12 spell levels left.
You didn't know any spells.
Your spell library contained the following spells:

 Spells                   Type           Power      Damage    Failure   Level
 Blink                    Tloc           34%        N/A       26%         2
 Lesser Beckoning         Tloc           34%        N/A       26%         2
 Teleport Other           Tloc           17%        N/A       45%         3
 Kiss of Death            Conj/Necr      8%         2d6       56%         1
 Necrotise                Necr           8%         1d4       56%         1
 Scorch                   Fire           4%         2d5       71%         2
 Vhi's Electric Charge    Tloc/Air       20%        N/A       71%         3
 Manifold Assault         Tloc           17%        N/A       86%         4
 Confusing Touch          Hex            2%         N/A       90%         3
 Inner Flame              Hex/Fire       2%         N/A       90%         3
 Vampiric Draining        Necr           2%         2d6       90%         3
 Dispel Undead            Necr           2%         3d7       100%        4
 Flame Wave               Conj/Fire      2%         2d4       100%        4
 Sticky Flame             Conj/Fire      2%         2d3       100%        4
 Agony                    Necr           2%         N/A       100%        5
 Summon Cactus Giant      Summ           1%         N/A       100%        6
 Chain Lightning          Conj/Air       1%         3d1       100%        9
 Fire Storm               Conj/Fire      1%         7d1       100%        9
 Shatter                  Erth           1%         3d5*      100%        9


Dungeon Overview and Level Annotations

Branches:
Dungeon (7/15)              Sewer (visited)
 Temple: D:4-7

Altars:
Ashenzari
Cheibriados
Dithmenos
Elyvilon
Gozag
Trog
Yredelemnul

Shops:
D:1 ((*(

Annotations:
D:6 Joseph


Innate Abilities, Weirdness & Mutations

You are amphibious.
You cover ground slowly.
You can hop short distances.
You have an extended range of vision and can be seen from far away.


Message History

You sock Joseph!
Joseph is moderately wounded.
Joseph hits you with a +2 spectral quarterstaff!
You sock Joseph!
Joseph is heavily wounded.
Joseph looks very unfriendly.
Joseph closely misses you.
You hit Joseph.
Joseph is heavily wounded.
Joseph hits you but does no damage.
You barely miss Joseph.
Joseph is heavily wounded.
Joseph closely misses you.
You sock Joseph!
Joseph is severely wounded.
Joseph hits you with a +2 spectral quarterstaff!
* * * LOW HITPOINT WARNING * * *
You hit Joseph.
Joseph is severely wounded.
Joseph closely misses you.
You barely miss Joseph.
Joseph is severely wounded.
Joseph closely misses you.
You barely miss Joseph.
Joseph is severely wounded.
Joseph closely misses you.
You closely miss Joseph.
Joseph is severely wounded.
Joseph hits you with a +2 spectral quarterstaff.
* * * LOW HITPOINT WARNING * * *
You hit Joseph.
Joseph is severely wounded.
Joseph hits you with a +2 spectral quarterstaff!
* * * LOW HITPOINT WARNING * * *
You warp the flow of time around you!
You fail to use your ability.
Joseph unwields a +2 spectral quarterstaff.
Joseph wields a +0 sling.
Joseph shoots a sling bullet.
The sling bullet hits you!
You die...

#.##.# #.# #.# #..).# #.#
#.# ##########'#######.#
#...........##...#.#
#...........##.#...#
#...........##.###########
#......@..................
#............#.###########
#####....@[#.#............
#.###†.#.#####........
#.#....#(# #....####
#######.#....#.# #....#
#............#.# #....#
#.......###....## ####.#
#.............(.#######.#
#......######........##.####
###......# ####.....'......


You could see Joseph.

Vanquished Creatures
  Grinder (D:6)
  3 ogres
  3 centaurs
  A phantom (D:4)
  3 bullfrogs
  A kobold brigand (D:6)
  3 necrophages (D:6)
  2 scorpions
  A howler monkey (D:6)
  2 jellies
  A gnoll bouda (D:5)
  6 hounds
  3 iguanas
  Jessica (D:3)
  An orc wizard (D:5)
  7 gnolls
  5 river rats (Sewer)
  9 adders
  A shadow imp (D:6)
  2 ufetubi
  2 worms (D:2)
  2 dart slugs
  12 orcs
  10 endoplasms
  4 giant cockroaches
  4 hobgoblins
  5 jackals
  6 quokkas
  14 ball pythons
  4 bats
  6 frilled lizards
  9 goblins
  7 kobolds
  26 rats
167 creatures vanquished.

Vanquished Creatures (others)
  A hobgoblin (D:3)
1 creature vanquished.

Grand Total: 168 creatures vanquished

Notes
Turn   | Place    | Note
-------+----------+-------------------------------------------
     0 | D:1      | warriortoast the Barachi Warper began the quest for the
                  | Orb.
     0 | D:1      | Reached XP level 1. HP: 17/17 MP: 3/3
    25 | D:1      | Found Syunwin's Weapon Shoppe.
   144 | D:1      | Found Dititewn's Antique Weapon Boutique.
   167 | D:1      | Found Jinaz's General Store.
   178 | D:1      | Reached XP level 2. HP: 8/23 MP: 5/5
   260 | D:1      | Reached skill level 3 in Fighting
   519 | D:1      | Found Hoydev's Antique Weapon Shoppe.
   739 | D:1      | Upgraded the game from 0.30-a0-652-gcc886f7154 to
                  | 0.30-a0-691-g754fce4c43
   826 | D:2      | Reached XP level 3. HP: 29/29 MP: 6/6
  1802 | D:3      | Found a faded altar of an unknown god.
  1844 | D:3      | Found a broken altar of Ashenzari.
  1877 | D:2      | Reached XP level 4. HP: 18/37 MP: 7/7
  2337 | D:3      | Reached skill level 4 in Fighting
  2469 | D:3      | Noticed Jessica
  2475 | D:3      | Killed Jessica
  2476 | D:3      | Reached XP level 5. HP: 37/42 MP: 8/8
  2772 | D:4      | Noticed a phantom
  2884 | D:4      | Found a shadowy altar of Dithmenos.
  3153 | D:4      | Found a snail-covered altar of Cheibriados.
  3159 | D:4      | Became a worshipper of Cheibriados the Contemplative
  3175 | D:4      | Found an opulent altar of Gozag.
  3292 | D:4      | Killed a phantom
  3293 | D:4      | Reached XP level 6. HP: 50/50 MP: 9/9
  3329 | D:4      | Reached skill level 5 in Fighting
  3362 | D:4      | Found a white marble altar of Elyvilon.
  3924 | D:5      | Entered Level 5 of the Dungeon
  4043 | D:5      | Found a glowing drain.
  4047 | Sewer    | Entered a sewer
  4099 | Sewer    | Reached * piety under Cheibriados
  4186 | Sewer    | Reached skill level 5 in Maces & Flails
  4204 | Sewer    | Reached XP level 7. HP: 56/56 MP: 10/10
  4478 | Sewer    | Reached ** piety under Cheibriados
  5031 | Sewer    | Reached skill level 5 in Armour
  5031 | Sewer    | Reached skill level 1 in Invocations
  5278 | Sewer    | Reached skill level 6 in Fighting
  6256 | D:5      | Reached *** piety under Cheibriados
  6361 | D:5      | Reached XP level 8. HP: 65/65 MP: 11/11
  7003 | D:6      | Reached skill level 7 in Fighting
  7289 | D:6      | Noticed Grinder
  7294 | D:6      | Paralysed by Grinder for 4 turns
  7304 | D:6      | Killed Grinder
  7305 | D:6      | Reached XP level 9. HP: 57/72 MP: 12/12
  7866 | D:6      | Found a basalt altar of Yredelemnul.
  7867 | D:6      | Identified the +6 long sword "Saig" {holy, rF- rN+ rCorr}
  7875 | D:6      | Reached **** piety under Cheibriados
  8001 | D:6      | Identified the amulet of the Loving Ancients {RegenMP Harm
                  | rC- Str+3}
  8024 | D:6      | Reached skill level 8 in Fighting
  8046 | D:6      | Found a bloodstained altar of Trog.
  8351 | D:7      | Noticed Joseph
  8473 | D:6      | Shot with a sling bullet by Joseph

Illustrated notes

Levels and vault maps discovered:
D:1:      heliophobic_arrival_henge, layout_basic, serial_shops,
          nicolae_shop_temple_entry_statues_fountains, nicolae_diamond_shop,
          nicolae_shop_bloodbath_and_beyond, nicolae_shop_stone
D:2:      layout_loops_ring, kennysheep_generic_room_10
D:3:      layout_basic, mainiacjoe_overflow_cross_hatched,
          basic_ecumenical_altar, uniq_jessica
D:4:      layout_loops_ring, elyvilon_altar_1, mainiacjoe_overflow_alcove_1,
          nicolae_dithmenos_shadow_blocks, grunt_gozag_statues
D:5:      layout_basic, gup_sewer_entry_bowl, minmay_statues_item
D:6:      layout_basic, mainiacjoe_overflow_paths,
          mainiacjoe_overflow_six_doors_small, uniq_grinder
D:7:      nicolae_BIG_FREAKIN_CUBE, layout_basic, led_xom_imps,
          minmay_temple_entry_mist, grunt_ministairs_6, uniq_menkaure,
          uniq_pikel, uniq_joseph

Skill      XL: |  1  2  3  4  5  6  7  8  9 |
---------------+----------------------------+-----
Fighting       | 3 4 5 6 7 8 |  8.1
Maces & Flails | 3 4 5 6 7 |  7.3
Armour         | 2 3 4 5 6 7 |  7.4
Invocations    | 2 3 4 |  4.1
Throwing       | |  1.0
Dodging        | |  2.1
Spellcasting   | |  2.1
Translocations | |  3.2

Action                   |  1- 3 |  4- 6 |  7- 9 || total
-------------------------+-------+-------+-------++-------
Melee: Mace              |   153 |   198 |   126 ||   477
       Punch             |       |     2 |     5 ||     7
       Flail             |       |       |   158 ||   158
Throw: Dart              |    11 |     6 |    32 ||    49
       Boomerang         |     1 |    36 |    61 ||    98
Invok: Temporal Distorti |       |       |     1 ||     1
 Abil: Hop               |     1 |     1 |     4 ||     6
  Use: Potion            |     1 |     2 |       ||     3
       Scroll            |       |     6 |    10 ||    16
Armor: Chain mail        |     5 |       |   133 ||   138
       Leather armour    |    58 |       |       ||    58
       Ring mail         |       |    87 |    61 ||   148
       Skin              |       |    36 |    39 ||    75
Dodge: Dodged            |   112 |   151 |   254 ||   517

Table legend: (Time is in decaauts)
 A = Elapsed time spent in this place.
 B = Non-inter-level travel time spent in this place.
 C = Inter-level travel time spent in this place.
 D = Time resting spent in this place.
 E = Time spent auto-exploring this place.
 F = Levels seen in this place.
 G = Mean time per level.
                   A        B        C        D        E       F      G
               +--------+--------+--------+--------+--------+-----+--------+
         Total |  10727 |  10096 |    631 |   2845 |   5056 |   8 | 1340.9 |
       Dungeon |   9187 |   8556 |    631 |   2125 |   4748 |   7 | 1312.4 |
         Sewer |   1539 |   1539 |      0 |    720 |    308 |   1 | 1539.0 |
               +--------+--------+--------+--------+--------+-----+--------+

Top non-repeatable levels by time:
     D:6: 2378 daAuts
     D:4: 2112 daAuts
     D:5: 1545 daAuts
   Sewer: 1539 daAuts
     D:2: 1203 daAuts
     D:3: 1066 daAuts
     D:1: 872 daAuts
     D:7: 8 daAuts
